close game

Match 40304092
End
Panzergrenadier Squad
Selects Panzerjäger Kommand Battlegroup
Selects Mine Fields
Panzerpioneer Squad
250 Light Carrier
Panzergrenadier Squad
Construct Light Support Kompanie
Selects GrB 39 Grenade Launcher Requisition
Fire Support Elements
Vehicle Survival Package
Assault Mechanized Group
Flakvierling Half-track
Panzerjäger Squad
Veteran Squad Leaders
2.5-tonne Medical Truck
Selects Defensive Positions
Assault Mechanized Group
Construct Panzerarmee Kommand
Panzer III L Medium Tank
Selects Butterfly Bomb Drop
Emergency Repair Kits
Panzer III L Medium Tank
Selects Crew Shock Tactics
Butterfly Bomb Drop
Flak 36 Anti-tank Gun Team
Selects Anti-tank Overwatch
Crew Shock Tactics
Panzer III L Medium Tank
Assault Mechanized Group
Butterfly Bomb Drop
Walking Stuka Rocket Launcher
Tungsten Core Ammunition
Crew Shock Tactics
Flak 36 Anti-tank Gun Team
Assault Mechanized Group
Crew Shock Tactics
Road block enjoyer
YIELD THY SKENG
0
0

Comments sign in to comment!

No comments posted yet!